 Dungeon Crawl Stone Soup version 0.30-a0-250-g41c1d76940 (webtiles) character file.

Game seed: 2868412604582465450

207455 Flugkiller the Peltast (level 18, -11/131 HPs)
             Began as an Octopode Delver on Oct 13, 2022.
             Was an Initiate of Gozag.
             Mangled by a seven-headed hydra (15 damage)
             ... called by a spriggan druid
             ... while paralysed by a fenstrider witch
             ... on level 2 of the Swamp.
             The game lasted 00:58:58 (36102 turns).

Flugkiller the Peltast (Octopode Delver)           Turns: 36102, Time: 00:58:59

Health: -11/131    AC:  1    Str: 12    XL:     18   Next: 75%
Magic:  29/30      EV:  2    Int: 21    God:    Gozag
Gold:   4540       SH:  0    Dex: 38    Spells: 19/33 levels left

rFire   + . .      SeeInvis .    e - +2 dagger (speed)
rCold   + + .      Faith    .    c - +1 kite shield {rC+}
rNeg    . . .      Spirit   .    (helmet currently unavailable)
rPois   +          Reflect  .    P - amulet of Kitoceph {rElec rPois Regen+ Str-2 Int+2}
rElec   +          Harm     .    j - +4 ring of slaying
rCorr   .          Rampage  .    Y - +4 ring of slaying
Will    +....                    a - ring "Afaulu" {Dex+6 Slay+4}
Stlth   +++++++++.               J - ring of the Voivode {Dex+6 Slay+4}
HPRegen 1.21/turn                p - ring of protection from fire
MPRegen 0.22/turn                m - ring of the Enormous God {rC+ Int+5}
                                 M - ring of Gehaxta {Str+2 Dex+7 Slay+4}
                                 G - +4 ring of slaying

@: paralysed, about to teleport, appendages, wereblooded, gold aura, studying
Long Blades
A: tentacle spike 3, almost no armour, amphibious, 8 rings, camouflage 1,
gelatinous body 1, nimble swimmer 1, tentacles
}: 1/15 runes: serpentine
a: End Transformation, Renounce Religion, Potion Petition, Call Merchant, Bribe
Branch


You were on level 2 of the Swamp.
You worshipped Gozag.
Gozag was most pleased with you.
One of your tentacles had grown a beastly spike.
You visited 5 branches of the dungeon, and saw 28 of its levels.
You also visited: Bailey, Gauntlet and Ice Cave.

You collected 13725 gold pieces.
You spent 7311 gold pieces at shops.
You paid 1874 gold pieces to Gozag.

Inventory:

Hand Weapons
 e - a +2 dagger of speed (weapon)
   (You took it off a goblin on level 1 of the Dungeon)
Missiles
 N - 4 curare-tipped darts (quivered)
 R - 3 silver javelins
Armour
 c - a +1 kite shield of cold resistance (worn)
   (You found it in an ice cave)
 v - a +2 hat of see invisible (melded)
   (You found it in an ice cave)
Jewellery
 a - the ring "Afaulu" (on tentacle) {Dex+6 Slay+4}
   (You bought it in a shop on level 2 of the Lair of Beasts)

   [ring of slaying]

   Dex:       It affects your dexterity (+6).
   Slay:      It affects your accuracy & damage with ranged weapons and melee
   (+4).
 j - a +4 ring of slaying (left tentacle)
   (You found it on level 6 of the Dungeon)
 m - the ring of the Enormous God (on tentacle) {rC+ Int+5}
   (You bought it in a shop on level 2 of the Lair of Beasts)

   [ring of protection from cold]

   Int:       It affects your intelligence (+5).
   rC:        It protects you from cold.
 o - a +6 ring of intelligence
   (You took it off a fenstrider witch on level 1 of the Swamp)
 p - a ring of protection from fire (on tentacle)
   (You found it in a Gauntlet)
 G - a +4 ring of slaying (on tentacle)
   (You bought it in a shop on level 2 of the Orcish Mines)
 J - the ring of the Voivode (on tentacle) {Dex+6 Slay+4}
   (You bought it in a shop on level 2 of the Lair of Beasts)

   [ring of slaying]

   Dex:       It affects your dexterity (+6).
   Slay:      It affects your accuracy & damage with ranged weapons and melee
   (+4).
 M - the ring of Gehaxta (on tentacle) {Str+2 Dex+7 Slay+4}
   (You found it in a Gauntlet)

   [ring of slaying]

   Str:       It affects your strength (+2).
   Dex:       It affects your dexterity (+7).
   Slay:      It affects your accuracy & damage with ranged weapons and melee
   (+4).
 P - the amulet of Kitoceph (around mantle) {rElec rPois Regen+ Str-2 Int+2}
   (You bought it in a shop on level 1 of the Snake Pit)

   [amulet of regeneration]

   Str:       It affects your strength (-2).
   Int:       It affects your intelligence (+2).
   rElec:     It insulates you from electricity.
   rPois:     It protects you from poison.
   Regen:     It increases your rate of health regeneration.
 Q - the ring of Qorarrez {Ice Int+3 Stlth+}
   (You found it in a Gauntlet)

   [ring of ice]

   It enhances your ice magic.
   Int:       It affects your intelligence (+3).
   rF:        It makes you vulnerable to fire.
   rC:        It protects you from cold.
   Stlth:     It makes you more stealthy.
 Y - a +4 ring of slaying (right tentacle)
   (You bought it in a shop on level 2 of the Lair of Beasts)
Wands
 f - a wand of digging (2)
 l - a wand of acid (26)
   (You found it on level 7 of the Dungeon)
 S - a wand of paralysis (14)
   (You found it on level 4 of the Lair of Beasts)
 V - a wand of roots (11)
   (You found it on level 4 of the Dungeon)
 X - a wand of mindburst (12)
   (You found it on level 12 of the Dungeon)
Scrolls
 b - 6 scrolls of fog
 i - 3 scrolls of immolation
 r - 6 scrolls of identify
 s - a scroll of poison
 t - 4 scrolls of teleportation
 u - 3 scrolls of vulnerability
 z - 3 scrolls of blinking
 A - a scroll of torment
 C - a scroll of magic mapping
 E - 3 scrolls of brand weapon
 F - a scroll of summoning
 H - 3 scrolls of fear
 I - 4 scrolls of enchant weapon
 K - a scroll of enchant armour
Potions
 d - 4 potions of might
 g - 6 potions of brilliance
 h - 7 potions of haste
 k - 5 potions of berserk rage
 n - 2 potions of resistance
 q - 15 potions of curing
 w - 5 potions of heal wounds
 x - 3 potions of mutation
 B - 3 potions of attraction
 D - a potion of magic
 L - a potion of ambrosia
 U - a potion of invisibility
 W - 2 potions of flight
Miscellaneous
 y - a phantom mirror
   (You found it on level 2 of the Snake Pit)
 O - a tin of tremorstones (2/2)
   (You found it on level 1 of the Snake Pit)
 T - a box of beasts
   (You found it on level 1 of the Lair of Beasts)
 Z - a condenser vane
   (You found it on level 1 of the Swamp)


   Skills:
 - Level 14.0 Fighting
 - Level 10.0 Short Blades
 - Level 15.0 Dodging
 - Level 14.0 Stealth
 + Level 16.5 Shields
 - Level 8.0 Spellcasting
 - Level 6.0 Conjurations
 - Level 13.2 Transmutations
 - Level 10.0 Earth Magic
 - Level 6.0 Evocations


You had 19 spell levels left.
You knew the following spells:

 Your Spells              Type           Power      Damage    Failure   Level
a - Beastly Appendage     Tmut           100%       N/A       1%          1
b - Wereblood             Tmut           59%        N/A       1%          2
c - Statue Form           Tmut/Erth      36%        N/A       17%         6
i - Irradiate             Conj/Tmut      24%        3d19      7%          5

Your spell library contained the following spells:

 Spells                   Type           Power      Damage    Failure   Level
 Sting                    Tmut/Pois      100%       1d8       1%          1
 Passwall                 Tmut/Erth      45%        N/A       1%          2
 Petrify                  Tmut/Erth      55%        N/A       1%          4
 Blade Hands              Tmut           29%        N/A       1%          5
 Spider Form              Tmut/Pois      36%        N/A       2%          3
 Lee's Rapid Deconstruct  Erth           25%        3d15*     6%          5
 Ice Form                 Ice/Tmut       36%        N/A       9%          4
 Apportation              Tloc           16%        N/A       13%         1
 Necrotise                Necr           32%        1d5       13%         1
 Summon Small Mammal      Summ           32%        N/A       13%         1
 Leda's Liquefaction      Hex/Erth       14%        N/A       16%         4
 Ensorcelled Hibernation  Hex/Ice        16%        N/A       19%         2
 Scorch                   Fire           16%        2d5       19%         2
 Alistair's Intoxication  Tmut/Pois      24%        N/A       24%         5
 Swiftness                Air            8%         N/A       36%         3
 Flame Wave               Conj/Fire      21%        2d8       36%         4
 Dragon Form              Tmut           29%        N/A       43%         7
 Cause Fear               Hex            4%         N/A       77%         4
 Freezing Cloud           Conj/Ice/Air   8%         6-21      83%         5
 Summon Cactus Giant      Summ           4%         N/A       100%        6
 Dragon's Call            Summ           4%         N/A       100%        9
 Polar Vortex             Ice            4%         N/A       100%        9
 Simulacrum               Ice/Necr       Unusable   N/A       N/A         6

Dungeon Overview and Level Annotations

Branches:
Dungeon (15/15) Zot: 25276  Temple (0/1) D:6            Lair (5/5) D:10 Zot: 21264
  Swamp (2/4) Lair:3 Zot: 11207   Snake (4/4) Lair:3 Zot: 20064   Slime (0/5) Lair:5
    Orc (2/2) D:10 Zot: 10988     Elf (0/3) Orc:2        Vaults (0/5) D:14
 Depths (0/4) D:15         Bailey (visited)           IceCv (visited)
Gauntlet (visited)

Altars:
Cheibriados
Gozag
Hepliaklqana
Makhleb
Uskayaw
Vehumet
Xom
The Shining One
Jiyva

Shops:
D:1 :   Orc:2 =:[:[   Lair:2 =   Snake:1 ==:   Snake:3 [*[

Portals:
Trove: D:14 (give 5 potions of resistance)

Annotations:
D:3 2 runed translucent doors, Anon1729's ghost, amateur MiMo; Crazy Yiuf
Lair:2 2 transporters
Lair:3 exclusion: door
Lair:4 exclusion: 2 oklob plants


Innate Abilities, Weirdness & Mutations

One of your tentacles has grown a beastly spike.
You cannot wear most types of armour.
You are amphibious.
You can wear up to eight rings at the same time.
Your skin changes colour to match your surroundings (Stealth+).
Your rubbery body absorbs attacks. (AC +1, EV +1)
You are camouflaged when in or above water. (Stealth+)
You have tentacles for arms and can constrict up to eight enemies at once.


Message History

The seven-headed hydra moves out of view.
The six-headed hydra moves out of view.
The fenstrider witch moves out of view.
You hear a shout!
The fenstrider witch shouts!
You impale the tyrant leech!!
The tyrant leech is heavily wounded.
You hear a roar!
You block the tyrant leech's attack.
You puncture the tyrant leech!
Your tentacle-slap misses the tyrant leech.
The tyrant leech is severely wounded.
The swamp worm attacks as you move away!
The swamp worm misses you.
The swamp worm fires a harpoon shot at you.
The harpoon shot misses you.
Casting: Wereblood (safe; 1% risk of failure)
Confirm with . or Enter, or press ? or * to list all spells.
One of your tentacles grows a vicious spike.
Your +2 hat of see invisible melds into your body.
You feel less perceptive. The tyrant leech completely misses you.
Casting: Beastly Appendage (safe; 1% risk of failure)
Confirm with . or Enter, or press ? or * to list all spells.
Your blood is infused with primal strength.
You block the tyrant leech's attack.
You impale the tyrant leech!!
You kill the tyrant leech!
You hear a shout!
You hear a roar!
You puncture the eight-headed hydra!
Your tentacle spike misses the eight-headed hydra.
You squeeze the eight-headed hydra!
The eight-headed hydra is moderately wounded.
You block the swamp worm's attack.
You block the eight-headed hydra's attack.
The eight-headed hydra misses you.
The eight-headed hydra completely misses you. x2
You block the eight-headed hydra's attack.
The eight-headed hydra misses you.
The eight-headed hydra completely misses you.
The eight-headed hydra bites you!
You puncture the eight-headed hydra!
You pierce the eight-headed hydra!
You squeeze the eight-headed hydra!!
You feel a bit better.
You kill the eight-headed hydra!
You hit the fenstrider witch.
You pierce the fenstrider witch!
You squeeze the fenstrider witch!
The fenstrider witch is moderately wounded.
You block the swamp worm's attack.
You impale the fenstrider witch!!
Your tentacle spike misses the fenstrider witch.
You squeeze the fenstrider witch!!
The fenstrider witch is almost dead.
You hear a roar! x2
The fenstrider witch casts a spell at you.
You suddenly lose the ability to move!
You howl as the wereblood boils in your veins!
The swamp worm bites you! The fenstrider witch hits you!
The fenstrider witch completely misses you.
The swamp worm bites you!
You howl as the wereblood boils in your veins!
The fenstrider witch hits you but does no damage.
The fenstrider witch kicks you!! The swamp worm bites you!!
You can move again.
You are too injured to fight recklessly!
You are too injured to fight recklessly!
You puncture the fenstrider witch!
You feel a bit better.
You kill the fenstrider witch!
You hear a splash.
You impale the swamp worm!! You grab the swamp worm.
You pierce the swamp worm!
The swamp worm is almost dead.
You constrict the swamp worm, but do no damage.
You block the swamp worm's attack.
You puncture the swamp worm!
You feel a bit better.
You kill the swamp worm!
A spriggan druid comes into view. It is wielding a +2 vorpal hand axe.
You block the six-headed hydra's attack.
The six-headed hydra bites you!
You block the six-headed hydra's attack.
The six-headed hydra closely misses you.
You block the six-headed hydra's attack.
The six-headed hydra completely misses you.
The spriggan druid shouts!
You impale the six-headed hydra!!
You pierce the six-headed hydra!!
The six-headed hydra is severely wounded.
You hit the six-headed hydra.
You pierce the six-headed hydra!
You feel a bit better.
You kill the six-headed hydra!
The spriggan druid calls out to the beasts of the wild!
As you read the scroll of teleportation, it crumbles to dust.
You feel strangely unstable.
The fenstrider witch points at you and mumbles some strange words.
You suddenly lose the ability to move!
You howl as the wereblood boils in your veins!
The fenstrider witch barely misses you. The fenstrider witch kicks you!!
* * * LOW HITPOINT WARNING * * *
The seven-headed hydra bites you.
* * * LOW HITPOINT WARNING * * *
The seven-headed hydra bites you!
* * * LOW HITPOINT WARNING * * *
The seven-headed hydra bites you!
You die...
Your body crumbles into a pile of gold.

♣♣#♣#♣#~#♣♣#♣#♣♣♣~~.~~~<.
♣♣♣ ♣..♣ ♣♣.~~~~..
..♣♣.♣.♣ ♣~.~~§...
♣.♣.♣♣♣♣ #~...~~... ♣.♣.♣
♣♣♣♣♣.~..~ ♣...♣♣ ♣♣~..~
♣♣##~♣♣ ♣♣~.. ♣♣♣≈~D♣♣♣ ♣
#~.~ ♣♣~≈~≈@≈~♣♣ . ♣...
♣~≈~≈~≈H$~♣♣ .♣♣~~~
♣~≈~♣♣♣♣♣i≈~♣ ♣♣♣.♣~..
♣§≈~♣..HD.♣~≈~♣♣ ♣.♣.#~..
♣≈~♣.##~## ♣~≈♣♣.♣.♣.♣~~~
≈~≈ #= ♣≈~≈♣.♣.♣.#~~< ~≈
~~ ♣~≈~~..≈...~.> ♣. $
♣≈§≈♣.♣)♣.♣~.. ♣ ♣~
♣#.♣.♣.♣~.~


You could see a seven-headed hydra, a fenstrider witch and a spriggan druid.

Vanquished Creatures
  9 nagarajas
  Roxanne (Snake:2)
  2 fenstrider witches
  2 frost giants (IceCv)
  A stone giant (D:15)
  Nessos (Orc:2)
  3 eleionomae
  A white draconian (IceCv)
  A minotaur (Gauntlet)
  A bunyip (Swamp:1)
  3 dire elephants
  A shambling mangrove (Swamp:1)
  Josephine (D:15)
  4 catoblepae
  8 ice dragons (IceCv)
  2 salamander tyrants (Snake:4)
  5 vault guards (D:14)
  A ghost crab (Swamp:1)
  14 hydras
  A centaur warrior (D:10)
  6 anacondas
  5 boulder beetles
  5 ironbound frosthearts (IceCv)
  A two-headed ogre (Orc:2)
  An alligator (Swamp:2)
  18 naga warriors
  9 death yaks (Lair:5)
  2 tengu warriors (D:15)
  15 naga sharpshooters
  8 shock serpents
  An orc high priest (Orc:2)
  A deep elf knight (Snake:3)
  4 salamander mystics (Snake:4)
  3 skeletal warriors
  A goliath frog (Swamp:1)
  Lodul (D:13)
  6 naga ritualists
  3 spriggan druids (Swamp:1)
  An orange crystal statue (IceCv)
  A swamp dragon (Swamp:1)
  3 necromancers
  A wizard (D:14)
  A deep elf archer (Snake:3)
  5 bog bodies (Swamp:1)
  A lindwurm (Lair:5)
  3 orc knights
  9 mana vipers
  4 orc sorcerers (Orc:2)
  7 ugly things
  4 manticores
  11 salamanders
  2 cyclopes (D:14)
  15 elephants
  2 guardian serpents (Snake:1)
  A black mamba (shapeshifter) (D:15)
  32 black mambas
  19 naga magi
  3 torpor snails
  Joseph (D:7)
  9 cane toads
  4 gargoyles
  2 kobold demonologists
  An unseen horror (D:10)
  20 rime drakes
  A yaktaur (D:14)
  7 komodo dragons
  Maggie (D:7)
  2 freezing wraiths
  3 trolls
  17 polar bears
  5 tyrant leeches
  Prince Ribbit (D:7)
  3 hornets
  4 raiju
  25 blink frogs
  24 slime creatures
  11 dream sheep
  Sigmund (D:6)
  5 shadows
  9 wyverns
  4 spriggans
  6 wraiths
  56 yaks
  5 vampires
  17 humans
  A steam dragon (D:6)
  14 vampire mosquitoes
  Menkaure (D:7)
  4 basilisks
  54 nagas
  7 wargs
  5 swamp worms
  An acid dragon (D:12)
  11 water moccasins
  16 hell hounds
  A swamp drake (Swamp:1)
  4 ice beasts
  12 black bears
  19 orc warriors
  30 wolves
  12 ogres
  A phantom (D:6)
  5 centaurs
  2 kobold brigands
  9 bullfrogs
  4 scorpions
  A necrophage (D:5)
  A gnoll sergeant (D:10)
  3 wights
  6 killer bees
  9 wolf zombies (Bailey)
  2 electric eels
  7 howler monkeys
  9 vampire bats (Bailey)
  2 jellies
  4 hounds
  19 orc priests
  A gnoll bouda (D:10)
  4 iguanas
  41 orc wizards
  Natasha (thrice) (D:2)
  A yak simulacrum (Lair:3)
  A polar bear simulacrum (Lair:3)
  A mummy (D:10)
  11 gnolls
  3 adders
  A shadow imp (D:6)
  2 ufetubi (D:6)
  4 dart slugs
  67 orcs
  8 ball pythons
  7 bats
  5 endoplasms
  3 giant cockroaches
  12 goblins
  4 hobgoblins
  A jackal (D:3)
  19 kobolds
  4 quokkas
  3 frilled lizards
  23 orc zombies (Bailey)
  5 rats
  A fungus (D:11)
1032 creatures vanquished.

Vanquished Creatures (others)
  A naga (Snake:2)
  An orc wizard (D:6)
  A demonic plant (Gauntlet)
  41 fungi
  95 plants
139 creatures vanquished.

Grand Total: 1171 creatures vanquished

Notes
Turn   | Place    | Note
-------+----------+-------------------------------------------
     0 | D:5      | Flugkiller the Octopode Delver began the quest for the Orb.
     0 | D:5      | Reached XP level 1. HP: 16/16 MP: 1/1
     8 | D:5      | Noticed an ogre
    37 | D:5      | Noticed an ice beast
    70 | D:5      | Noticed a hound
   292 | D:4      | Found a glowing golden altar of the Shining One.
   294 | D:4      | Noticed a scorpion
   301 | D:4      | Killed a scorpion
   302 | D:4      | Reached XP level 2. HP: 21/21 MP: 2/2
   302 | D:4      | Reached XP level 3. HP: 26/26 MP: 3/3
   302 | D:4      | Reached XP level 4. HP: 31/31 MP: 4/4
   303 | D:4      | Found an opulent altar of Gozag.
   319 | D:4      | Found a hide-covered altar of Uskayaw.
   374 | D:4      | Found a hazy altar of Hepliaklqana.
  1021 | D:4      | Became a worshipper of Gozag Ym Sagoz the Greedy
  1455 | D:3      | Noticed Anon1729's ghost (amateur MiMo)
  1462 | D:3      | Found a runed translucent door.
  1694 | D:3      | Reached skill level 5 in Dodging
  2025 | D:3      | Reached XP level 5. HP: 32/36 MP: 5/5
  2131 | D:2      | Found a burning altar of Makhleb.
  2236 | D:1      | Found Cestoog's Book Shoppe.
  2829 | D:2      | Noticed Natasha
  2835 | D:2      | Killed Natasha
  2893 | D:2      | Noticed Natasha
  2903 | D:2      | Killed Natasha
  2904 | D:2      | Reached XP level 6. HP: 17/42 MP: 6/6
  3209 | D:2      | Noticed Natasha
  3221 | D:2      | Killed Natasha
  3877 | D:3      | Found a runed translucent door.
  3878 | D:3      | Noticed Crazy Yiuf
  4292 | D:5      | Killed an ice beast
  4293 | D:5      | Reached XP level 7. HP: 48/48 MP: 7/7
  4470 | D:5      | Reached skill level 5 in Fighting
  4900 | D:6      | Reached XP level 8. HP: 18/55 MP: 8/8
  5497 | D:6      | Noticed Sigmund
  5572 | D:6      | Killed Sigmund
  6124 | D:6      | Found a staircase to the Ecumenical Temple.
  6534 | D:7      | Noticed Maggie
  6548 | D:7      | Killed Maggie
  6549 | D:7      | Reached skill level 5 in Short Blades
  6549 | D:7      | Reached XP level 9. HP: 42/62 MP: 9/9
  6690 | D:7      | Noticed Joseph
  6704 | D:7      | Noticed Prince Ribbit
  6710 | D:7      | Killed Prince Ribbit
  6711 | D:7      | Reached skill level 1 in Evocations
  7208 | D:7      | Killed Joseph
  7538 | D:7      | Noticed Menkaure
  7545 | D:7      | Killed Menkaure
  8159 | D:8      | Reached XP level 10. HP: 51/68 MP: 10/10
  8845 | D:9      | Found a flagged portal.
  8862 | D:9      | Reached skill level 5 in Evocations
  8974 | Bailey   | Entered a bailey
  9317 | Bailey   | Reached skill level 10 in Short Blades
  9449 | Bailey   | Noticed a gargoyle
  9475 | Bailey   | Killed a gargoyle
  9760 | Bailey   | Identified the -1 helmet of Dim Light {*Corrode Int+7}
 10508 | D:10     | Entered Level 10 of the Dungeon
 10508 | D:10     | Found a shimmering altar of Xom.
 10513 | D:10     | Found a radiant altar of Vehumet.
 10695 | D:10     | Found a snail-covered altar of Cheibriados.
 10894 | D:10     | Found a staircase to the Lair.
 10902 | D:10     | Reached XP level 11. HP: 71/75 MP: 11/11
 10920 | D:10     | Reached skill level 10 in Dodging
 11798 | D:10     | Found a staircase to the Orcish Mines.
 12024 | D:10     | Noticed a centaur warrior
 12159 | D:10     | Identified the +8 shortbow of Fimbulwinter {speed, Fragile
                  | Fly rElec Int+8}
 12440 | Lair:1   | Entered Level 1 of the Lair of Beasts
 12641 | Lair:1   | Found the +4 skin of Zhor {*Englaciate rC+++ SInv}
 13006 | Lair:1   | Reached skill level 10 in Stealth
 13300 | Lair:1   | Reached XP level 12. HP: 48/85 MP: 12/12
 13898 | Lair:2   | Found a transporter.
 14831 | Lair:2   | Found a transporter.
 14893 | Lair:2   | Noticed a boulder beetle
 14924 | Lair:2   | Killed a boulder beetle
 15144 | Lair:2   | Bought the ring "Afaulu" {Dex+6 Slay+4} for 1366 gold
                  | pieces
 15401 | Lair:2   | Bought the ring of the Voivode {Dex+6 Slay+4} for 1366 gold
                  | pieces
 15580 | Lair:2   | Noticed a catoblepas
 16012 | Lair:3   | Found a staircase to the Snake Pit.
 16264 | Lair:3   | Reached XP level 13. HP: 65/92 MP: 13/13
 16432 | Lair:3   | Reached skill level 10 in Fighting
 17953 | Lair:3   | Found a staircase to the Swamp.
 18226 | Lair:4   | Found a gate leading to a gauntlet.
 18267 | Gauntlet | Entered a Gauntlet
 18267 | Gauntlet | Found a transporter.
 18267 | Gauntlet | Found a transporter.
 18273 | Gauntlet | Found a transporter.
 18286 | Gauntlet | Found a transporter.
 18304 | Gauntlet | Found a transporter.
 18304 | Gauntlet | Found a transporter.
 18304 | Gauntlet | Found a transporter.
 18307 | Gauntlet | Found a transporter.
 18307 | Gauntlet | Found a transporter.
 18319 | Gauntlet | Found a transporter.
 18319 | Gauntlet | Found the amulet of the Air {Inacc Air Fly rElec RMsl}
 18336 | Gauntlet | Found a runed translucent door.
 18337 | Gauntlet | Found a transporter.
 18339 | Gauntlet | Found a runed translucent door.
 18347 | Gauntlet | Found a transporter.
 18362 | Gauntlet | Found a transporter.
 18382 | Gauntlet | Found a transporter.
 18465 | Gauntlet | Reached skill level 1 in Shields
 18499 | Gauntlet | Identified the ring of Qorarrez {Ice Int+3 Stlth+}
 18591 | Gauntlet | Identified the ring of Gehaxta {Str+2 Dex+7 Slay+4}
 18598 | Gauntlet | Noticed a minotaur
 18608 | Gauntlet | Killed a minotaur
 18609 | Gauntlet | Reached skill level 2 in Shields
 18617 | Gauntlet | Identified the +1 helmet of Tenacity {rN+ Will+}
 18617 | Gauntlet | Identified the +1 leather armour "Godidiw" {Will+ Str+4
                  | Int+3}
 18620 | Gauntlet | Got the Parchment of Torrid Permutations
 18812 | Lair:4   | Reached skill level 3 in Shields
 19330 | Lair:5   | Entered Level 5 of the Lair of Beasts
 19344 | Lair:5   | Reached skill level 4 in Shields
 19383 | Lair:5   | Reached XP level 14. HP: 102/102 MP: 14/14
 19393 | Lair:5   | Reached skill level 15 in Dodging
 19450 | Lair:5   | Reached skill level 5 in Shields
 19458 | Lair:5   | Reached skill level 1 in Spellcasting
 19458 | Lair:5   | Reached skill level 1 in Transmutations
 19856 | Lair:5   | Reached skill level 5 in Transmutations
 19951 | Lair:5   | Found a staircase to the Slime Pits.
 19951 | Lair:5   | Found a viscous altar of Jiyva.
 20394 | Lair:5   | Reached skill level 10 in Transmutations
 20670 | Lair:5   | Reached skill level 1 in Conjurations
 20729 | Lair:5   | Noticed a dire elephant
 20991 | Lair:5   | Killed a dire elephant
 21183 | Lair:5   | Reached skill level 5 in Spellcasting
 21183 | Lair:5   | Reached XP level 15. HP: 88/108 MP: 22/22
 22546 | D:11     | Identified the +2 robe "Uhaof" {*Slow Regen+ Slay+6 SInv}
 22768 | D:11     | Reached skill level 5 in Conjurations
 22850 | D:11     | Learned a level 5 spell: Irradiate
 23821 | D:13     | Noticed Lodul
 23838 | D:13     | Killed Lodul
 24323 | D:13     | Identified the +3 robe of Plasticity {Harm}
 24631 | D:14     | Found a frozen archway.
 24635 | IceCv    | Entered an ice cave
 24680 | IceCv    | Reached skill level 6 in Shields
 24885 | IceCv    | Reached skill level 7 in Shields
 24989 | IceCv    | Noticed a frost giant
 25239 | IceCv    | Reached skill level 8 in Shields
 25804 | IceCv    | Reached skill level 9 in Shields
 25808 | IceCv    | Reached XP level 16. HP: 114/114 MP: 28/28
 26397 | D:14     | Reached skill level 10 in Shields
 26778 | D:14     | Found a gate to the Vaults.
 27298 | D:14     | Reached skill level 11 in Shields
 27432 | D:14     | Found a portal to a secret trove of treasure.
 27694 | D:15     | Entered Level 15 of the Dungeon
 27746 | D:15     | Found a glowing golden altar of the Shining One.
 28471 | D:15     | Reached skill level 12 in Shields
 28594 | D:15     | Found a staircase to the Depths.
 28813 | D:15     | Noticed Josephine
 28844 | D:15     | Killed Josephine
 29314 | Orc:1    | Entered Level 1 of the Orcish Mines
 29420 | Orc:2    | Entered Level 2 of the Orcish Mines
 29689 | Orc:2    | Reached skill level 13 in Shields
 30007 | Orc:2    | Found a staircase to the Elven Halls.
 30111 | Orc:2    | Noticed Nessos
 30132 | Orc:2    | Killed Nessos
 30174 | Orc:2    | Found Joosuato's Book Shoppe.
 30174 | Orc:2    | Found Plog's Book Emporium.
 30175 | Orc:2    | Found Elohejev's Armour Emporium.
 30179 | Orc:2    | Found Wefakliagi's Armour Shoppe.
 30217 | Orc:2    | Bought a +4 ring of slaying for 1326 gold pieces
 30323 | Lair:2   | Bought a +4 ring of slaying for 1092 gold pieces
 30545 | Orc:2    | Bought a ring of poison resistance for 340 gold pieces
 30695 | Snake:1  | Entered Level 1 of the Snake Pit
 30820 | Snake:1  | Reached skill level 14 in Shields
 30931 | Snake:1  | Reached XP level 17. HP: 119/119 MP: 29/29
 31333 | Orc:2    | Bought a book of Changes for 270 gold pieces
 31335 | Orc:2    | Learned a level 1 spell: Beastly Appendage
 31617 | Snake:1  | Found Ukieta's Book Shop.
 31617 | Snake:1  | Found Guykhlam's Jewellery Shoppe.
 31618 | Snake:1  | Found Fireen Qier's Jewellery Shoppe.
 31628 | Snake:1  | Bought the amulet of Kitoceph {rElec rPois Regen+ Str-2
                  | Int+2} for 626 gold pieces
 31738 | Lair:2   | Bought the ring of the Enormous God {rC+ Int+5} for 595
                  | gold pieces
 31789 | Swamp:1  | Entered Level 1 of the Swamp
 31881 | Snake:1  | Learned a level 2 spell: Wereblood
 32197 | Snake:1  | Reached skill level 15 in Shields
 32530 | Snake:2  | Identified Roxanne's Omnibus of Forms
 32530 | Snake:2  | Noticed Roxanne
 32561 | Snake:2  | Killed Roxanne
 32674 | Snake:2  | Reached skill level 1 in Earth Magic
 32722 | Snake:2  | Identified the +1 hand axe "Jofir" {holy, Str+4 Int+2
                  | Dex-3}
 33529 | Snake:3  | Found Pybb's Antique Armour Emporium.
 33534 | Snake:3  | Found Zuecsaott's Assorted Antiques.
 33535 | Snake:3  | Found Ihoquilu's Armour Emporium.
 33547 | Snake:3  | Bought a scroll of blinking for 165 gold pieces
 33547 | Snake:3  | Bought a scroll of enchant weapon for 165 gold pieces
 33797 | Snake:3  | Reached skill level 5 in Earth Magic
 33930 | Snake:4  | Entered Level 4 of the Snake Pit
 34398 | Snake:4  | Reached XP level 18. HP: 131/131 MP: 30/30
 34711 | Snake:3  | Learned a level 6 spell: Statue Form
 34832 | Snake:4  | Reached skill level 10 in Earth Magic
 35020 | Snake:4  | Got a serpentine rune of Zot
 35595 | Swamp:1  | Reached skill level 16 in Shields
 36092 | Swamp:2  | Paralysed by a fenstrider witch for 2 turns
 36101 | Swamp:2  | Paralysed by a fenstrider witch for 5 turns
 36102 | Swamp:2  | HP: 4/131 [seven-headed hydra[a spriggan druid] (15)]
 36102 | Swamp:2  | Mangled by a seven-headed hydra

Illustrated notes

Levels and vault maps discovered:
D:1:      minmay_arrival_five_plusses, layout_loops_cross, serial_shops, shop,
          minmay_misc_feat_columns
D:2:      layout_basic, basic_altar, uniq_natasha
D:3:      minmay_chambers_of_twos, layout_basic, hellmonk_ghost_happy_afterlife,
          uniq_crazy_yiuf_cottage
D:4:      layout_basic, mainiacjoe_overflow_catch_the_wave,
          grunt_temple_overflow_open, minmay_hedge_maze
D:5:      layout_basic
D:6:      layout_layer_cave, minmay_temple_entry_slanted, uniq_sigmund
D:7:      layout_rooms, uniq_menkaure, uniq_prince_ribbit1, uniq_maggie,
          uniq_joseph
D:8:      layout_basic
D:9:      layout_basic, enter_bailey_5
D:10:     layout_layer_cave, slow_altar_1, mainiacjoe_overflow_catwalk_spiral,
          minmay_lair_entry_grove, minmay_orc_entry_temple_small,
          minmay_mirror_moons_of_madness
D:11:     layout_gridville, minmay_tree_intersection, water_boxes_lemuel
D:12:     layout_loops_ring
D:13:     layout_basic, st_stairs_10, uniq_lodul
D:14:     layout_loops_ring, grunt_vaults_entry_tiered,
          portal_ice_cave_entry_pillars_four, enter_trove_5
D:15:     grunt_enter_depths_snipers, layout_cave_pods,
          nicolae_tso_carved_into_rock, uniq_josephine
Lair:1:   layout_cave_pods, hellmonk_guarded_unrand_zhor, grunt_megastairs_2,
          infiniplex_staircase_pool_2
Lair:2:   gammafunk_cloud_chamber, layout_gridlike, serial_bayou_shore_a,
          lemuel_fruit_fields
Lair:3:   layout_loops_ring, minmay_swamp_entry_worms,
          guppyfry_snake_entry_garden, eino_house_with_fridge
Lair:4:   dpeg_oklob_gauntlet, layout_gridlike, gauntlet_entry_generic,
          serial_bayou_crossing
Lair:5:   hangedman_lair_in_review, layout_loops_ring,
          hangedman_lair_caniforms_friends, slime_entry_1, lookout_lair_type
Swamp:1:  nicolae_swamp_standing_stones, layout_falls_marsh,
          evilmike_swamp_ruin_rubble_1, swamp_pool2
Swamp:2:  nzn_winding_woodlands_cross [nzn_winding_woodlands_5x15_zeroes,
          nzn_winding_woodlands_5x15_eye, nzn_winding_woodlands_5x15_parted,
          nzn_winding_woodlands_5x15_jagged,
          nzn_winding_woodlands_15x15_witchcraft], layout_basic_swamp,
          evilmike_swamp_ruin_house_3
Snake:1:  layout_honeycomb, fake_guardian_serpent_vault, nicolae_integral_box,
          minmay_shop_grove
Snake:2:  layout_onion, hangedman_snake_pattern, uniq_roxanne
Snake:3:  layout_onion_interference, beargit_elvish_explorers, minmay_shop_star
Snake:4:  snake_pit, layout_onion_interference, grunt_ministairs_15
Orc:1:    layout_diamond_mine, basic_altar
Orc:2:    st_orc_mages, layout_caves, nicolae_orc_lava_room, uniq_nessos

Skill      XL: |  1  2  3  4  5  6  7  8  9 10 11 12 13 14 15 16 17 18 |
---------------+-------------------------------------------------------+-----
Dodging        | 4 5 6 7 8 9 11 13 14 15 | 15.0
Short Blades   | 3 4 5 8 10 | 10.0
Fighting       | 4 5 6 7 9 11 12 14 | 14.0
Stealth        | 7 8 12 14 | 14.0
Evocations     | 4 6 |  6.0
Shields        | 4 5 9 14 15 16 | 16.5
Spellcasting   | 5 8 |  8.0
Transmutations | 12 13 | 13.2
Conjurations   | 3 6 |  6.0
Earth Magic    | 7 10 | 10.0

Action                   |  1- 3 |  4- 6 |  7- 9 | 10-12 | 13-15 | 16-18 || total
-------------------------+-------+-------+-------+-------+-------+-------++-------
Melee: Short sword       |     1 |    76 |       |       |       |       ||    77
       Tentacles         |       |    36 |    81 |   270 |   307 |   323 ||  1017
       Constrict         |       |    36 |    42 |   108 |   108 |   138 ||   432
       Dagger            |       |    95 |   249 |   805 |   911 |   988 ||  3048
       Punch             |       |     3 |     6 |    20 |    24 |    17 ||    70
       Kick              |       |       |       |       |       |   215 ||   215
Throw: Dart              |       |       |     1 |     5 |     1 |       ||     7
 Cast: Irradiate         |       |       |       |       |     3 |       ||     3
       Beastly Appendage |       |       |       |       |       |    47 ||    47
       Wereblood         |       |       |       |       |       |    32 ||    32
       Statue Form       |       |       |       |       |       |     4 ||     4
Invok: Call Merchant     |       |       |       |     1 |       |     1 ||     2
       Potion Petition   |       |       |       |       |     1 |     1 ||     2
Evoke: Wand              |       |       |     6 |     6 |     4 |     2 ||    18
       Box of beasts     |       |       |       |       |     1 |       ||     1
  Use: Potion            |       |     3 |       |     4 |     1 |       ||     8
       Scroll            |       |     7 |     6 |     9 |     9 |     5 ||    36
 Stab: Sleeping          |     1 |    30 |     8 |    22 |    52 |    32 ||   145
       Distracted        |       |     1 |       |     9 |    27 |    28 ||    65
       Invisible         |       |       |       |       |     2 |     3 ||     5
       Petrifying        |       |       |       |       |     1 |       ||     1
       Petrified         |       |       |       |       |     1 |       ||     1
       Paralysed         |       |       |       |       |       |     1 ||     1
Armor: Skin              |       |     6 |     2 |     9 |     7 |    11 ||    35
Dodge: Dodged            |       |    99 |   108 |   348 |   394 |   393 ||  1342
Block: Buckler           |       |       |       |       |   111 |    95 ||   206
       Kite shield       |       |       |       |       |       |   293 ||   293

Table legend: (Time is in decaauts)
 A = Elapsed time spent in this place.
 B = Non-inter-level travel time spent in this place.
 C = Inter-level travel time spent in this place.
 D = Time resting spent in this place.
 E = Time spent auto-exploring this place.
 F = Levels seen in this place.
 G = Mean time per level.
                   A        B        C        D        E       F      G
               +--------+--------+--------+--------+--------+-----+--------+
         Total |  34359 |  31329 |   3030 |   6959 |  15997 |  31 | 1108.4 |
       Dungeon |  17085 |  15693 |   1392 |   3139 |   9199 |  15 | 1139.0 |
          Lair |   8735 |   7726 |   1009 |   2473 |   3156 |   5 | 1747.0 |
         Swamp |    791 |    752 |     39 |      0 |    453 |   2 |  395.5 |
     Snake Pit |   3936 |   3563 |    373 |    189 |   2249 |   4 |  984.0 |
  Orcish Mines |   1011 |    796 |    215 |      0 |    519 |   2 |  505.5 |
        Bailey |    867 |    867 |      0 |    294 |     95 |   1 |  867.0 |
      Ice Cave |   1593 |   1593 |      0 |    806 |    197 |   1 | 1593.0 |
      Gauntlet |    338 |    338 |      0 |     57 |    129 |   1 |  338.0 |
               +--------+--------+--------+--------+--------+-----+--------+

Top non-repeatable levels by time:
  Lair:1: 2453 daAuts
    D:10: 1990 daAuts
  Lair:3: 1895 daAuts
     D:6: 1785 daAuts
  Lair:5: 1717 daAuts
  Lair:2: 1709 daAuts
   IceCv: 1593 daAuts
 Snake:1: 1301 daAuts
    D:15: 1278 daAuts
     D:4: 1214 daAuts
    D:14: 1205 daAuts
     D:9: 1187 daAuts
     D:5: 1174 daAuts
    D:13: 1171 daAuts
     D:3: 1035 daAuts
